AoeStats
← K o h i m e

Baltic

510291516Analyzed
4v4 RM · 10h ago on Sep 30, 2026· 34m 50s· 8 players
Game mode
Random Map
Map size
Large (8 player)
Population
200
Speed
Normal
Resources
Standard
Victory
Conquest
Starting age
Dark Age
Ending age
Imperial Age
RankedLock teamsTeams togetherTeam positionsShared explorationLock speedFull tech treeHidden civsTurbo modeCheats
Victory
Defeat
🇹🇼 Byzantines · Taiwan
805
+21
🇻🇳 Khitans · Vietnam
771
+15
🇹🇼 Goths · Taiwan
770
+15
🇻🇳 Wu · Vietnam
728
+16
🇹🇷 Portuguese · Türkiye
807
-18
🇧🇷 Slavs · Brazil
732
-14
🇧🇪 Franks · Belgium
720
-14
🇧🇪 Britons · Belgium
701
-13
Vivahakama
0:28 Loom
10:56 Feudal Age
11:03 Man-at-Arms
12:04 Double-Bit Axe
13:42 Horse Collar
14:22 Forging
15:52 Scale Mail Armor
27:01 Castle Age
28:55 Long Swordsman
30:13 Iron Casting
29:41 Squires
29:53 Stone Mining
29:58 Gold Mining
33:45 Chain Mail Armor
K o h i m e
11:30 Feudal Age
12:41 Double-Bit Axe
13:05 Horse Collar
16:32 Bloodlines
17:47 Forging
24:24 Castle Age
22:39 Scale Barding Armor
26:04 Light Cavalry
26:46 Husbandry
28:39 Chain Barding Armor
28:54 Iron Casting
31:27 Wheelbarrow
32:17 Bow Saw
32:10 Heavy Plow
33:09 Chain Barding Armor
chenleo20061102
2:51 Loom
13:18 Feudal Age
14:43 Horse Collar
14:55 Double-Bit Axe
19:47 Castle Age
23:01 Wheelbarrow
23:39 Heavy Plow
26:35 Gold Mining
26:38 Stone Mining
27:26 Gambesons
29:43 Fletching
33:34 Imperial Age
33:39 Forging
33:29 Scale Mail Armor
applerutz20052001
0:45 Loom
14:17 Feudal Age
15:54 Double-Bit Axe
19:21 Castle Age
18:09 Domestication
25:04 Bow Saw
25:08 Pastoralism
27:22 Wheelbarrow
28:30 Scale Barding Armor
28:26 Scale Mail Armor
28:36 Forging
30:34 Gold Mining
30:35 Stone Mining
31:06 Thumb Ring
30:21 Crossbowman
31:46 Chain Barding Armor
30:54 Light Cavalry
31:34 Husbandry
32:52 Stone Shaft Mining
36:20 Imperial Age
34:00 Pikeman
34:41 Squires
34:26 Gambesons
34:27 Arson
parla
7:35 Loom
15:00 Feudal Age
15:48 Gold Mining
15:47 Double-Bit Axe
24:19 Castle Age
35:17 Imperial Age
33:37 Stone Mining
33:13 Pikeman
ayoub_246
11:05 Feudal Age
14:11 Loom
13:51 Man-at-Arms
Yur1Janu4r10
17:44 Feudal Age
23:05 Castle Age
Par4d0xe
10:34 Loom
12:59 Feudal Age
13:36 Double-Bit Axe
16:37 Man-at-Arms
20:34 Castle Age
Connection lost

Rejoining the realm…

Still unreachable

The connection could not be restored.

Session expired

The server has moved on; the page needs a fresh start.